 Dungeon Crawl Stone Soup version 0.19-a0-32-gbfd796a (webtiles) character file.

664 M4edhros the Insei (level 7, 0/41 HPs)
             Began as an Octopode Necromancer on May 3, 2016.
             Was an Initiate of Cheibriados.
             Slain by Menkaure (15 damage)
             ... on level 6 of the Dungeon.
             The game lasted 00:10:17 (1801 turns).

M4edhros the Insei (Octopode Necromancer)           Turns: 1801, Time: 00:10:18

Health: 0/41       AC:  1    Str:  9    XL:     7   Next: 57%
Magic:  5/19       EV: 12    Int: 18    God:    Cheibriados [......]
Gold:   98         SH:  0    Dex: 15    Spells: 3 memorised, 5 levels left

rFire  . . .     SeeInvis .       - Unarmed
rCold  . . .     Gourm    .     (no shield)
rNeg   . . .     Faith    .     (helmet restricted)
rPois  .         Spirit   .     (no amulet)
rElec  .         Dismiss  .     h - ring of magical power
rCorr  .         Reflect  .     (no ring)
SustAt .         Harm     .     (no ring)
MR     .....                    (no ring)
Stlth  +++.......               (no ring)
                                (no ring)
                                (no ring)
                                (no ring)

@: vulnerable, very slightly contaminated, regenerating (expiring), very slow,
not resistant to hostile enchantments, fairly stealthy
A: almost no armour, amphibious, 8 rings, constrict 8, camouflage 1, gelatinous
body 1
a: Bend Time, Renounce Religion


You were on level 6 of the Dungeon.
You worshipped Cheibriados.
Cheibriados was noncommittal.
You were near starving.

You visited 2 branches of the dungeon, and saw 7 of its levels.

You collected 98 gold pieces.

Inventory:

Armour
 e - a +0 buckler
Jewellery
 h - a ring of magical power (left tentacle)
Scrolls
 d - 2 scrolls of remove curse
 g - 2 scrolls of noise
 i - a scroll of recharging {unknown}
 j - a scroll of random uselessness {unknown}
Potions
 c - a potion of flight
Books
 a - a book of Necromancy

   Spells                             Type                      Level
   a - Pain                           Necromancy                   1
   b - Animate Skeleton               Necromancy                   1
   c - Vampiric Draining              Necromancy                   3
   d - Regeneration                   Charms/Necromancy            3
   e - Animate Dead                   Necromancy                   4
   f - Control Undead                 Necromancy                   4
Comestibles
 b - 2 bread rations
 k - a beef jerky


   Skills:
 - Level 2.0 Dodging
 - Level 2.6 Stealth
 + Level 4.0 Shields
 * Level 6.6 Unarmed Combat
 - Level 2.0 Spellcasting
 - Level 4.0 Necromancy


You had 5 spell levels left.
You knew the following spells:

 Your Spells              Type           Power        Failure   Level  Hunger
a - Pain                  Necr           ###.         3%          1    #......
b - Animate Skeleton      Necr           N/A          3%          1    #......
r - Regeneration          Chrm/Necr      #.........   24%         3    ###....


Dungeon Overview and Level Annotations

Branches:
Dungeon (6/15)             Temple (1/1) D:5

Altars:
Cheibriados
Dithmenos
Elyvilon
Fedhas
Gozag
Makhleb
Nemelex Xobeh
Okawaru
Pakellas
Ru
Sif Muna
Trog
Vehumet
Yredelemnul
Zin
The Shining One

Shops:
D:4 *

Annotations:
D:6 Menkaure


Innate Abilities, Weirdness & Mutations

You cannot wear most types of armour.
You are amphibious.
You can wear up to eight rings at the same time.
You can use your tentacles to constrict eight enemies at once.
Your skin changes colour to match your surroundings (Stealth).
Your rubbery body absorbs attacks (AC +1).


Message History

You aren't carrying any items that you can evoke.
Drink which item? (? for menu, Esc to quit)
Okay, then.
Menkaure casts a spell.
Menkaure seems to speed up.
Menkaure casts a spell at you. Pain shoots through your body!
Drink which item? (? for menu, Esc to quit)
Okay, then.
Read which item? (? for menu, Esc to quit)
As you read the scroll labeled KAGRUJ YS VEOL, it crumbles to dust.
Magic quickly surges around you.
It was a scroll of vulnerability.
You tentacle-slap Menkaure but do no damage.
You grab Menkaure. You constrict Menkaure. Menkaure hits you.
You bludgeon Menkaure!
Menkaure is moderately damaged.
Your skin is crawling a little less now.
You constrict Menkaure, but do no damage.
Menkaure hits you!
You die...

#.# #....... ### ###.#
#...... ...##...# ##
#.....# ###.#....# ..#
#.....# #........# #.##
#.....##
?...M.#..###..###...)...
#.r...................
.M...#M................
.## #@................
#.................
#.................
#.................
#.................
#.................
##########..###... ##.#
#... #..##...


You could see Menkaure.

Vanquished Creatures
  A sky beast (D:5)
  A black bear (D:5)
  A phantom (D:6)
  A scorpion (D:5)
  2 wights (D:6)
  A centaur skeleton (D:6)
  A giant frog zombie (D:6)
  2 hounds
  Terence (D:3)
  A worker ant (D:5)
  5 adders
  An ooze (D:3)
  An adder skeleton (D:5)
  2 worms
  A dart slug (D:2)
  5 giant geckos
  6 giant cockroaches
  2 goblins
  3 hobgoblins
  A jackal (D:2)
  5 kobolds (D:2)
  3 quokkas
  2 ball pythons
  6 bats
  3 giant newts
  4 rats
62 creatures vanquished.

Vanquished Creatures (collateral kills)
  2 adders
  An ooze (D:2)
  A bat (D:2)
  A goblin (D:2)
  A hobgoblin (D:1)
  A jackal (D:2)
  A kobold (D:1)
8 creatures vanquished.

Grand Total: 70 creatures vanquished

Notes
Turn   | Place    | Note
--------------------------------------------------------------
     0 | D:1      | M4edhros the Octopode Necromancer began the quest for the Orb.
     0 | D:1      | Reached XP level 1. HP: 11/11 MP: 3/3
     9 | D:1      | Learned a level 1 spell: Animate Skeleton
   156 | D:1      | Reached skill level 1 in Unarmed Combat
   200 | D:1      | Reached XP level 2. HP: 13/17 MP: 5/5
   343 | D:2      | Reached skill level 2 in Unarmed Combat
   416 | D:2      | Reached XP level 3. HP: 9/21 MP: 3/6
   428 | D:2      | Learned a level 3 spell: Regeneration
   466 | D:3      | Noticed Terence
   874 | D:2      | Reached skill level 3 in Unarmed Combat
   972 | D:3      | Reached skill level 1 in Shields
   972 | D:3      | Reached XP level 4. HP: 27/27 MP: 1/7
  1039 | D:3      | Killed Terence
  1105 | D:4      | Found a glowing silver altar of Zin.
  1140 | D:4      | Reached skill level 4 in Unarmed Combat
  1140 | D:4      | Reached XP level 5. HP: 15/31 MP: 1/8
  1161 | D:4      | Found Diri's Assorted Antiques.
  1291 | D:5      | Entered Level 5 of the Dungeon
  1291 | D:5      | Noticed a sky beast
  1334 | D:5      | Noticed a black bear
  1345 | D:5      | Killed a black bear
  1345 | D:5      | Reached skill level 5 in Unarmed Combat
  1345 | D:5      | Reached XP level 6. HP: 22/36 MP: 2/9
  1351 | D:5      | Found a staircase to the Ecumenical Temple.
  1361 | Temple   | Entered the Ecumenical Temple
  1417 | Temple   | Became a worshipper of Cheibriados the Contemplative
  1499 | D:5      | Killed a sky beast
  1611 | D:6      | Reached XP level 7. HP: 29/41 MP: 10/10
  1674 | D:6      | Reached skill level 6 in Unarmed Combat
  1777 | D:6      | Noticed Menkaure
  1801 | D:6      | Slain by Menkaure

Vault maps used:
D:1:      evilmike_arrival_grusome_pit, minmay_misc_feat_five, bh_walls_and_bars
D:3:      nrook_mini_vaults, uniq_terence
D:4:      kennysheep_little_box, serial_shops, nicolae_shop_overgrown_old_shop,
          first_bread
D:5:      minmay_temple_entry_purple_smoke
D:6:      lemuel_upstairs_altar, basic_altar, uniq_menkaure
Temple:   nicolae_temple_elliptical

Skill      XL: |  1  2  3  4  5  6  7 |
---------------+----------------------+-----
Unarmed Combat | 1 2 3 4 5 6 |  6.6
Shields        | 1 2 3 4 |  4.0
Dodging        | |  2.0
Stealth        | |  2.6
Spellcasting   | |  2.0
Necromancy     | |  4.0

Action                   |  1- 3 |  4- 6 |  7- 9 || total
-------------------------+-------+-------+-------++-------
Melee: Unarmed           |    62 |    66 |    48 ||   176
       Constrict         |    19 |    13 |     7 ||    39
       Tentacles         |    11 |    13 |    12 ||    36
       Punch             |     1 |       |     1 ||     2
 Cast: Animate Skeleton  |    14 |     6 |       ||    20
       Pain              |    13 |    21 |     1 ||    35
       Regeneration      |     6 |    11 |     9 ||    26
  Use: Potion            |     1 |     2 |       ||     3
       Scroll            |     1 |     2 |     1 ||     4
 Stab: Sleeping          |     6 |     5 |     2 ||    13
       Distracted        |       |     2 |       ||     2
  Eat: Chunk             |     2 |     3 |     1 ||     6
       Beef jerky        |       |       |     1 ||     1
Armor: Skin              |     7 |     5 |     2 ||    14
Dodge: Dodged            |    32 |    36 |    22 ||    90
